TOP OF THE 1ST |
Plymouth Rocks batting - Pitching for Birmingham Steeldogs : RHP Mitch Brown
|
Pitching: RHP Mitch Brown
|
|
Batting: RHB Luis Sánchez
|
0-0: Ground out 6-3 (Groundball, 6)
|
Batting: RHB Andrés Lara
|
0-0: Called Strike 0-1: Ball 1-1: Fly out, F3 (Popup, 3DF)
|
Batting: LHB Frank Geddes
|
0-0: Ball 1-0: Foul Ball, location: 2F 1-1: SINGLE (Groundball, 4MD)
|
Batting: SHB Greg Welch
|
0-0: Ball 1-0: Ball 2-0: Ball Wild Pitch! Frank Geddes to second 3-0: Called Strike 3-1: Base on Balls
|
Batting: LHB Sean Nicks
|
0-0: SINGLE (Flyball, 9S) Frank Geddes to third Greg Welch to second Runner from 3rd tries for Home, SAFE, no throw or cutoff
|
Batting: RHB Max Jones
|
0-0: Ball 1-0: Swinging Strike 1-1: Foul Ball, location: 2F 1-2: Ball 2-2: Ground out 5-3 (Groundball, 5L)
|
Top of the 1st over - 1 run(s), 2 hit(s), 0 error(s), 2 left on base; Plymouth 1 - Birmingham 0 |
BOTTOM OF THE 1ST |
Birmingham Steeldogs batting - Pitching for Plymouth Rocks : RHP Lorenzo Aguilar
|
Pitching: RHP Lorenzo Aguilar
|
|
Batting: LHB Glenn Garrett
|
0-0: Foul Ball, location: 2F 0-1: Ball 1-1: Ball 2-1: Ball 3-1: Called Strike 3-2: Foul Ball, location: 2F 3-2: Base on Balls
|
Batting: LHB José Sánchez
|
0-0: Called Strike 0-1: Fly out, F1 (Line Drive, 15) 0-1: Lined into DP, 1-3 (Line Drive, 15)
|
Batting: LHB Chris Miller
|
0-0: Ball 1-0: Fly out, F5 (Popup, 5L)
|
Bottom of the 1st over - 0 run(s), 0 hit(s), 0 error(s), 0 left on base; Plymouth 1 - Birmingham 0 |
BOTTOM OF THE 2ND |
Birmingham Steeldogs batting - Pitching for Plymouth Rocks : RHP Lorenzo Aguilar
|
Batting: LHB Arturo Molina
|
0-0: Ball 1-0: Swinging Strike 1-1: Ball 2-1: Called Strike 2-2: Foul Ball, location: 2F 2-2: SINGLE (Line Drive, 6MD)
|
Batting: LHB José Martínez
|
0-0: Foul Ball, location: 2F 0-1: Ball 1-1: Ball 2-1: Called Strike 2-2: Strikes out swinging
|
Batting: RHB Lorenzo Martínez
|
0-0: Ball 1-0: Ball 2-0: Called Strike 2-1: Foul Ball, location: 2F 2-2: Ball 3-2: Grounds into double play, 6-4-3 (Groundball, 6)
|
Bottom of the 2nd over - 0 run(s), 1 hit(s), 0 error(s), 0 left on base; Plymouth 6 - Birmingham 0 |
TOP OF THE 3RD |
Plymouth Rocks batting - Pitching for Birmingham Steeldogs : RHP Mitch Brown
|
Batting: RHB Ray Yates
|
0-0: Called Strike 0-1: SOLO HOME RUN (Line Drive, 78XD), Distance : 435 ft
|
Pitching: RHP Pat Lee
|
|
Batting: RHB Alberto Hernández
|
0-0: Fly out, F6 (Popup, 56)
|
Batting: RHB Luis Sánchez
|
0-0: Foul Ball, location: 2F 0-1: Called Strike 0-2: Fly out, F7 (Flyball, 7D)
|
Batting: RHB Andrés Lara
|
0-0: Ball 1-0: Ball 2-0: Ground out 6-3 (Groundball, 6)
|
Top of the 3rd over - 1 run(s), 1 hit(s), 0 error(s), 0 left on base; Plymouth 7 - Birmingham 0 |
BOTTOM OF THE 3RD |
Birmingham Steeldogs batting - Pitching for Plymouth Rocks : RHP Lorenzo Aguilar
|
Batting: LHB Mitchell Oglethorpe
|
0-0: Swinging Strike 0-1: Foul Ball, location: 2F 0-2: Strikes out swinging
|
Batting: LHB Ashley Pickhills
|
0-0: Ball 1-0: Fly out, F4 (Popup, 4D)
|
Batting: RHB Paço Ttes
|
0-0: Ball 1-0: Called Strike 1-1: Fly out, F8 (Line Drive, 8LS)
|
Bottom of the 3rd over - 0 run(s), 0 hit(s), 0 error(s), 0 left on base; Plymouth 7 - Birmingham 0 |
TOP OF THE 4TH |
Plymouth Rocks batting - Pitching for Birmingham Steeldogs : RHP Pat Lee
|
Batting: LHB Frank Geddes
|
0-0: Called Strike 0-1: Foul Ball, location: 2F 0-2: Ball 1-2: Foul Ball, location: 2F 1-2: Ball 2-2: Ball 3-2: Base on Balls
|
Batting: SHB Greg Welch
|
0-0: Called Strike 0-1: Grounds into double play, 4-6-3 (Groundball, 34)
|
Batting: LHB Sean Nicks
|
0-0: Called Strike 0-1: Ball 1-1: Fly out, F4 (Popup, 4MD)
|
Top of the 4th over - 0 run(s), 0 hit(s), 0 error(s), 0 left on base; Plymouth 7 - Birmingham 0 |
BOTTOM OF THE 4TH |
Birmingham Steeldogs batting - Pitching for Plymouth Rocks : RHP Lorenzo Aguilar
|
Batting: LHB Glenn Garrett
|
0-0: Foul Ball, location: 2F 0-1: Ball 1-1: Foul Ball, location: 2F 1-2: Fly out, F7 (Flyball, 7M)
|
Batting: LHB José Sánchez
|
0-0: Ball 1-0: Ball 2-0: Foul Ball, location: 2F 2-1: Ground out 4-3 (Groundball, 4)
|
Batting: LHB Chris Miller
|
0-0: Ball 1-0: Called Strike 1-1: Ball 2-1: Called Strike 2-2: Foul Ball, location: 2F 2-2: Strikes out swinging
|
Bottom of the 4th over - 0 run(s), 0 hit(s), 0 error(s), 0 left on base; Plymouth 7 - Birmingham 0 |
TOP OF THE 5TH |
Plymouth Rocks batting - Pitching for Birmingham Steeldogs : RHP Pat Lee
|
Batting: RHB Max Jones
|
0-0: Ball 1-0: Ball 2-0: Called Strike 2-1: Called Strike 2-2: Foul Ball, location: 2F 2-2: Ball 3-2: Base on Balls
|
Batting: RHB Júlio Negrón
|
0-0: Foul Ball, location: 2F 0-1: Ball 1-1: Ball 2-1: Ball 3-1: Base on Balls Max Jones to second
|
Batting: RHB Ray Yates
|
0-0: Ball 1-0: Foul Ball, location: 2F 1-1: Fielders Choice at 2nd, 6-4 (Groundball, 6) Max Jones to third
|
Batting: RHB Alberto Hernández
|
0-0: Ball 1-0: Foul Ball, location: 2F 1-1: Foul Ball, location: 2F 1-2: Foul Ball, location: 2F 1-2: Ball 2-2: Foul Ball, location: 2F 2-2: Fly out, F9 (Flyball, 9M) Runner from 3rd tags up, SCORES, no throw
|
Pinch Hitting: LHB Barrett Waters
|
0-0: Ball 1-0: SINGLE (Groundball, 6MD) Ray Yates to second
|
Pinch Hitting: LHB Roger Moore
|
0-0: SINGLE (Line Drive, 89M) Ray Yates to third Barrett Waters to second Runner from 3rd tries for Home, SAFE, no throw or cutoff
|
Pinch Hitting: RHB António Zúńiga
|
0-0: Ball 1-0: Ball 2-0: Ball 3-0: Called Strike 3-1: Called Strike 3-2: Foul Ball, location: 2F 3-2: Foul Ball, location: 2F 3-2: Strikes out swinging
|
Top of the 5th over - 2 run(s), 2 hit(s), 0 error(s), 2 left on base; Plymouth 9 - Birmingham 0 |
BOTTOM OF THE 5TH |
Birmingham Steeldogs batting - Pitching for Plymouth Rocks : RHP Lorenzo Aguilar
|
Pitching: RHP Jean Burrows
|
|
Now at 2B: José Flores
|
|
Now in CF: Barrett Waters
|
|
Now in RF: António Zúńiga
|
|
Batting: LHB Arturo Molina
|
0-0: Called Strike 0-1: Foul Ball, location: 2F 0-2: SOLO HOME RUN (Flyball, 9D), Distance : 372 ft
|
Batting: LHB José Martínez
|
0-0: Ball 1-0: Swinging Strike 1-1: Swinging Strike 1-2: Foul Ball, location: 2F 1-2: Foul Ball, location: 2F 1-2: Foul Ball, location: 2F 1-2: Strikes out swinging
|
Batting: RHB Lorenzo Martínez
|
0-0: Foul Ball, location: 2F 0-1: Foul Ball, location: 2F 0-2: Ball 1-2: Foul Ball, location: 2F 1-2: Ball 2-2: Foul Ball, location: 2F 2-2: Strikes out swinging
|
Batting: LHB Mitchell Oglethorpe
|
0-0: Swinging Strike 0-1: Foul Ball, location: 2F 0-2: Ball 1-2: Strikes out looking
|
Bottom of the 5th over - 1 run(s), 1 hit(s), 0 error(s), 0 left on base; Plymouth 9 - Birmingham 1 |
TOP OF THE 6TH |
Plymouth Rocks batting - Pitching for Birmingham Steeldogs : RHP Pat Lee
|
Pitching: RHP Michel Dallaire
|
|
Batting: SHB Greg Welch
|
0-0: Foul Ball, location: 2F 0-1: Foul Ball, location: 2F 0-2: Foul Ball, location: 2F 0-2: Ball 1-2: Foul Ball, location: 2F 1-2: Strikes out swinging
|
Batting: RHB Anthony Rucker
|
0-0: Ball 1-0: Fly out, F9 (Flyball, 9M)
|
Pinch Hitting: RHB Jorge Jiménez
|
0-0: Foul Ball, location: 2F 0-1: Ball 1-1: Ground out 4-3 (Groundball, 4)
|
Top of the 6th over - 0 run(s), 0 hit(s), 0 error(s), 0 left on base; Plymouth 9 - Birmingham 1 |
BOTTOM OF THE 6TH |
Birmingham Steeldogs batting - Pitching for Plymouth Rocks : RHP Jean Burrows
|
Now in LF: Roy Patrick
|
|
Batting: LHB Ashley Pickhills
|
0-0: Called Strike 0-1: Swinging Strike 0-2: Ground out U3 (Groundball, 3S)
|
Batting: RHB Paço Ttes
|
0-0: Fly out, F7 (Line Drive, 78M)
|
Batting: LHB Glenn Garrett
|
0-0: SINGLE (Groundball, 5D)
|
Batting: LHB José Sánchez
|
0-0: Ball Glenn Garrett is caught stealing 2nd base
|
Bottom of the 6th over - 0 run(s), 1 hit(s), 0 error(s), 0 left on base; Plymouth 9 - Birmingham 1 |
TOP OF THE 7TH |
Plymouth Rocks batting - Pitching for Birmingham Steeldogs : RHP Michel Dallaire
|
Pinch Hitting: RHB António Gonzáles
|
0-0: Called Strike 0-1: Ball 1-1: Called Strike 1-2: Strikes out swinging
|
Batting: RHB Ray Yates
|
0-0: Ball 1-0: Ball 2-0: Ball 3-0: Called Strike 3-1: Ground out 5-3 (Groundball, 56)
|
Batting: RHB Alberto Hernández
|
0-0: Called Strike 0-1: Fly out, F8 (Flyball, 8RD)
|
Top of the 7th over - 0 run(s), 0 hit(s), 0 error(s), 0 left on base; Plymouth 9 - Birmingham 1 |
BOTTOM OF THE 7TH |
Birmingham Steeldogs batting - Pitching for Plymouth Rocks : RHP Jean Burrows
|
Pitching: RHP Scotty Johnson
|
|
Now at 3B: António Gonzáles
|
|
Batting: LHB José Sánchez
|
0-0: Fly out, F8 (Flyball, 8RS)
|
Batting: LHB Chris Miller
|
0-0: Ball 1-0: Foul Ball, location: 2F 1-1: Foul Ball, location: 2F 1-2: Strikes out swinging
|
Batting: LHB Arturo Molina
|
0-0: Foul Ball, location: 2F 0-1: Foul Ball, location: 2F 0-2: Ball 1-2: Ground out 3-1 (Groundball, 3)
|
Bottom of the 7th over - 0 run(s), 0 hit(s), 0 error(s), 0 left on base; Plymouth 9 - Birmingham 1 |
TOP OF THE 8TH |
Plymouth Rocks batting - Pitching for Birmingham Steeldogs : RHP Michel Dallaire
|
Pitching: RHP David Simpson
|
|
Batting: LHB Barrett Waters
|
0-0: Swinging Strike 0-1: Ball 1-1: Foul Ball, location: 2F 1-2: Strikes out looking
|
Batting: RHB José Flores
|
0-0: Called Strike 0-1: Ball 1-1: Ball 2-1: Ball 3-1: Called Strike 3-2: Foul Ball, location: 2F 3-2: Strikes out looking
|
Batting: RHB António Zúńiga
|
0-0: Called Strike 0-1: Ball 1-1: Ball 2-1: Fly out, F7 (Flyball, 78S)
|
Top of the 8th over - 0 run(s), 0 hit(s), 0 error(s), 0 left on base; Plymouth 9 - Birmingham 1 |
BOTTOM OF THE 8TH |
Birmingham Steeldogs batting - Pitching for Plymouth Rocks : RHP Scotty Johnson
|
Batting: LHB José Martínez
|
0-0: Ball 1-0: Called Strike 1-1: Ground out 4-3 (Groundball, 4)
|
Batting: RHB Lorenzo Martínez
|
0-0: Foul Ball, location: 2F 0-1: Ball 1-1: Ground out 5-3 (Groundball, 56)
|
Batting: LHB Mitchell Oglethorpe
|
0-0: Ball 1-0: Foul Ball, location: 2F 1-1: Foul Ball, location: 2F 1-2: Foul Ball, location: 2F 1-2: Ball 2-2: Ball 3-2: Base on Balls
|
Batting: LHB Ashley Pickhills
|
0-0: Called Strike 0-1: Swinging Strike 0-2: Ball 1-2: Foul Ball, location: 2F 1-2: Ground out 4-3 (Groundball, 4)
|
Bottom of the 8th over - 0 run(s), 0 hit(s), 0 error(s), 1 left on base; Plymouth 9 - Birmingham 1 |
TOP OF THE 9TH |
Plymouth Rocks batting - Pitching for Birmingham Steeldogs : RHP David Simpson
|
Pinch Hitting: RHB Juan Valverde
|
0-0: Called Strike 0-1: Ball 1-1: Ground out 5-3 (Groundball, 5)
|
Batting: RHB Anthony Rucker
|
0-0: Foul Ball, location: 2F 0-1: Swinging Strike 0-2: Ball 1-2: Strikes out swinging
|
Batting: LHB Roy Patrick
|
0-0: Ground out 5-3 (Groundball, 56)
|
Top of the 9th over - 0 run(s), 0 hit(s), 0 error(s), 0 left on base; Plymouth 9 - Birmingham 1 |
BOTTOM OF THE 9TH |
Birmingham Steeldogs batting - Pitching for Plymouth Rocks : RHP Scotty Johnson
|
Now at C: Tadakuni Sugiyama
|
|
Batting: RHB Paço Ttes
|
0-0: Ball 1-0: Ball 2-0: Foul Ball, location: 2F 2-1: Foul Ball, location: 2F 2-2: Strikes out swinging
|
Pinch Hitting: RHB Eric Johnson
|
0-0: Swinging Strike 0-1: Foul Ball, location: 2F 0-2: Ball 1-2: Fly out, F9 (Flyball, 9S)
|
Pinch Hitting: RHB Valentín Borges
|
0-0: Foul Ball, location: 2F 0-1: Called Strike 0-2: Foul Ball, location: 2F 0-2: Strikes out swinging
|
Bottom of the 9th over - 0 run(s), 0 hit(s), 0 error(s), 0 left on base; Plymouth 9 - Birmingham 1 |
|